 Dungeon Crawl Stone Soup version 0.25.0-1-g7eea58d2a3 (webtiles) character file.

Game seed: 8084745104749574177

5366 MisterFreud the Fighter (level 10, -1/64 HPs)
             Began as a Gargoyle Monk on June 14, 2020.
             Was an Elder of Okawaru.
             Slain by an orc warrior
             ... wielding a +0 halberd
              (19 damage)
             ... in a bailey.
             The game lasted 00:16:05 (9936 turns).

MisterFreud the Fighter (Gargoyle Monk)             Turns: 9936, Time: 00:16:07

Health: -1/64      AC: 22    Str: 18    XL:     10   Next: 65%
Magic:  11/13      EV: 12    Int: 11    God:    Okawaru [****..]
Gold:   437        SH: 10    Dex: 21    Spells: 9/9 levels left

rFire    . . .     SeeInvis .   D - +7 hand axe of Ointment {drain, *Drain MR++ Dex+3}
rCold    . . .     Gourm    .   C - +3 buckler
rNeg     + . .     Faith    .   x - +0 chain mail
rPois    ∞         Spirit   .   (no helmet)
rElec    +         Reflect  .   g - +0 cloak
rCorr    .         Harm     .   (no gloves)
MR       +++..                  E - +0 pair of boots
Stlth    +.........             (no amulet)
HPRegen  0.20/turn              o - ring of protection from magic
MPRegen  0.13/turn              q - +6 ring of dexterity

@: heroism
A: negative energy resistance 1, electricity resistance, unbreathing,
petrification resistance, rot immunity, AC +7
a: Heroism, Renounce Religion


You were in a bailey.
You worshipped Okawaru.
Okawaru was greatly pleased with you.
You were very hungry.

You visited 2 branches of the dungeon, and saw 10 of its levels.
You also visited: Bailey.

You collected 437 gold pieces.

Inventory:

Hand Weapons
 a - a +0 mace
 D - the +7 hand axe of Ointment (weapon) {drain, *Drain MR++ Dex+3}
   (You found it on level 6 of the Dungeon)

   A truly terrible weapon, it drains the life of those it strikes.
   It affects your dexterity (+3).
   It affects your resistance to hostile enchantments.
   It causes draining when unequipped.
Missiles
 b - a throwing net
 n - 14 boomerangs (quivered)
 u - 3 poisoned darts
 H - 8 javelins
Armour
 g - a +0 cloak (worn)
 x - a +0 chain mail (worn)
 C - a +3 buckler (worn)
 E - a +0 pair of boots (worn)
Jewellery
 j - an uncursed ring of stealth
 o - a ring of protection from magic (left hand)
 q - a +6 ring of dexterity (right hand)
 t - an uncursed ring of positive energy
 J - a cursed -4 ring of protection {unknown}
Wands
 A - a wand of flame (6)
 I - a wand of digging (3)
Scrolls
 d - 2 scrolls of amnesia
 e - 3 scrolls of identify
 f - 3 scrolls of blinking
 i - 2 scrolls of teleportation
 k - a scroll of fog
 F - a scroll of acquirement {unknown}
Potions
 h - a potion of stabbing {unknown}
 p - 3 potions of mutation
 v - 4 potions of curing
 w - a potion of haste
 z - 2 potions of might {unknown}
Comestibles
 c - 11 rations


   Skills:
 + Level 8.3(13.3) Fighting
 - Level 7.5(14.0) Axes
 - Level 8.1(14.6) Maces & Flails
 - Level 6.0(11.0) Armour
 - Level 2.4(7.4) Dodging
 - Level 2.1(7.1) Stealth
 - Level 4.0(9.0) Shields
 - Level 5.0 Invocations


You had 9 spell levels left.
You didn't know any spells.
Your spell library was empty.

Dungeon Overview and Level Annotations

Branches:
Dungeon (9/15)             Temple (1/1) D:5          Bailey (1/1)
   Lair: D:8-11         Orc: D:9-12

Altars:
Ashenzari
Cheibriados
Dithmenos
Elyvilon
Fedhas
Gozag
Kikubaaqudgha
Makhleb
Nemelex Xobeh
Okawaru
Qazlal
Ru
Sif Muna
Trog
Uskayaw
Vehumet
Wu Jian
Yredelemnul
Zin
The Shining One

Shops:
D:5 (

Annotations:
D:8 1 runed translucent door


Innate Abilities, Weirdness & Mutations

You are resistant to torment.
Your stone body is resilient. (AC +7)
You are immune to poison.
You resist negative energy. (rN+)
You are resistant to electric shocks. (rElec)
You can survive without breathing.
You are immune to petrification.
You are immune to rotting.


Message History

You hit the orc warrior. x2; You drain the orc warrior.
An orc warrior comes into view. It is wielding a +0 arbalest.
You hit the orc warrior. You drain the orc warrior.
The orc warrior is heavily wounded.
You hit the orc warrior. You drain the orc warrior. You slash the orc warrior!
The orc warrior hits you from afar with a +0 halberd!!
* * * LOW HITPOINT WARNING * * *
The orc warrior barely misses you. x2; You block the orc warrior's attack.
You slash the orc warrior!
The orc warrior is severely wounded.
You hit the orc warrior.
You hit the orc warrior but do no damage.
You drain the orc warrior. You slash the orc warrior!
You kill the orc warrior!
Okawaru accepts your kill.
You hit the orc warrior. You closely miss the orc warrior.
You block the orc warrior's attack. x2
The orc warrior hits you with a +0 halberd!!
You die...

#### ##∩## ####
....##...##....
≈≈≈..#...#..≈≈≈
≈o≈≈.......≈≈o≈
o≈.......≈o
.....o. #o).#
#.@o# ##∩## ###


You could see 2 orc knights, 4 orc warriors and an orc (strong).

Vanquished Creatures
  Harold (D:7)
  A two-headed ogre (D:8)
  The ghost of IjonTichy1 the Sneak, a novice OpVM (D:3)
  Joseph (D:7)
  A hungry ghost (D:9)
  4 orc warriors
  5 ogres
  An ice beast (D:8)
  3 phantoms
  3 bullfrogs
  A gnoll sergeant (D:7)
  2 scorpions
  A water moccasin skeleton (D:4)
  10 killer bees
  A crimson imp (D:8)
  A bullfrog zombie (D:5)
  2 centaur skeletons (D:7)
  A gnoll shaman (D:8)
  5 orc priests
  A hound (D:8)
  2 jellies
  8 orc wizards
  2 iguanas
  5 worker ants
  19 adders
  15 gnolls
  3 shadow imps
  2 oozes
  An adder skeleton (D:8)
  A worm (D:2)
  4 dart slugs
  3 leopard geckos
  24 orcs
  8 bats
  6 giant cockroaches
  7 hobgoblins
  10 jackals
  4 quokkas
  A ball python (D:7)
  8 frilled lizards
  7 goblins
  9 kobolds
  A leopard gecko skeleton (D:5)
  3 quokka skeletons
  A quokka zombie (D:8)
  6 rats
206 creatures vanquished.

Vanquished Creatures (others)
  An orc wizard (D:5)
  An adder (D:3)
  A plant (D:5)
3 creatures vanquished.

Grand Total: 209 creatures vanquished

Notes
Turn   | Place    | Note
-------+----------+-------------------------------------------
     0 | D:1      | MisterFreud the Gargoyle Monk began the quest for the Orb.
     0 | D:1      | Reached XP level 1. HP: 14/14 MP: 1/1
   216 | D:1      | Reached XP level 2. HP: 20/20 MP: 2/2
  1270 | D:2      | Reached XP level 3. HP: 24/24 MP: 3/3
  1478 | D:2      | Reached skill level 5 in Fighting
  1637 | D:2      | Reached XP level 4. HP: 15/31 MP: 4/4
  2251 | D:2      | Found a blossoming altar of Fedhas.
  2995 | D:3      | Reached XP level 5. HP: 36/36 MP: 5/5
  3090 | D:3      | Found a faded altar of an unknown god.
  3266 | D:3      | Found a runed translucent door.
  3269 | D:3      | Noticed IjonTichy1's ghost (novice OpVM)
  3535 | D:3      | Killed IjonTichy1's ghost
  3535 | D:3      | Reached XP level 6. HP: 22/41 MP: 6/6
  3535 | D:3      | Reached XP level 7. HP: 24/46 MP: 7/7
  3904 | D:4      | Found an ornate altar of the Wu Jian Council.
  4376 | D:5      | Entered Level 5 of the Dungeon
  4434 | D:5      | Reached skill level 5 in Armour
  4856 | D:5      | Reached XP level 8. HP: 40/51 MP: 8/8
  5360 | D:5      | Found a shattered altar of Ashenzari.
  5361 | D:5      | Found a bloodstained altar of Trog.
  5362 | D:5      | Found a hide-covered altar of Uskayaw.
  5421 | D:5      | Found a staircase to the Ecumenical Temple.
  6232 | Temple   | Entered the Ecumenical Temple
  6267 | Temple   | Became a worshipper of Warmaster Okawaru
  6267 | Temple   | Reached * piety under Okawaru
  6267 | Temple   | Reached ** piety under Okawaru
  6427 | D:5      | Found Tooxtir's Antique Weapon Shop.
  6919 | D:6      | Found a stormy altar of Qazlal.
  7069 | D:6      | Got a pitted hand axe
  7070 | D:6      | Identified the +7 hand axe of Ointment {drain, *Drain MR++
                  | Dex+3} (You found it on level 6 of the Dungeon)
  7264 | D:7      | Noticed Joseph
  7267 | D:7      | Reached skill level 1 in Axes
  7267 | D:7      | Reached skill level 1 in Invocations
  7283 | D:7      | Killed Joseph
  7283 | D:7      | Reached XP level 9. HP: 27/55 MP: 9/11
  7524 | D:7      | Found a sparkling altar of Nemelex Xobeh.
  7619 | D:7      | Noticed Harold
  7621 | D:7      | Reached *** piety under Okawaru
  7776 | D:7      | Killed Harold
  7776 | D:7      | Reached skill level 5 in Invocations
  8266 | D:7      | Reached skill level 1 in Shields
  8357 | D:7      | Reached XP level 10. HP: 57/60 MP: 13/13
  8925 | D:8      | Reached **** piety under Okawaru
  9011 | D:8      | Noticed a two-headed ogre
  9026 | D:8      | Killed a two-headed ogre
  9073 | D:8      | Found a shimmering blue altar of Sif Muna.
  9390 | D:8      | Noticed a sixfirhy
  9393 | D:8      | Found a runed translucent door.
  9914 | D:9      | Found a flagged portal.
  9923 | Bailey   | Entered a bailey
  9923 | Bailey   | Noticed an orc knight
  9923 | Bailey   | Noticed an orc knight
  9927 | Bailey   | Noticed an orc knight
  9936 | Bailey   | Slain by an orc warrior

Illustrated notes

Levels and vault maps discovered:
D:1:      psy_arrival_wood_between_worlds, layout_loops_ring,
          hangedman_decor_diamond_cutter
D:2:      minmay_skewed_foursquare, layout_loops_corners,
          chequers_serial_rivers_large_a, grunt_decor_cap, fedhas_altar_4
D:3:      layout_basic, chequers_ecumenical_altar_island, ebering_ghost_sewer_d,
          kennysheep_generic_room_4
D:4:      layout_loops_cross, nicolae_overflow_crystal_walls, st_stairs_10,
          minmay_misc_feat_plants
D:5:      layout_loops_cross, gammafunk_temple_overflow_forgotten,
          minmay_temple_entry_ruins, first_ration, serial_shops, shop
D:6:      layout_cave_pools, basic_altar
D:7:      layout_loops_ring, nemelex_dance_club_becter, uniq_harold, uniq_joseph
D:8:      cheibrodos_shockbox, layout_loops_corners, led_sif_pool
D:9:      layout_irregular_city, regret_index_temple_of_mockery, enter_bailey_2,
          uniq_maurice
Temple:   eino_temple_lava
Bailey:   bailey_polearm_4, bailey

Skill      XL: |  1  2  3  4  5  6  7  8  9 10 |
---------------+-------------------------------+-----
Fighting       | 4 5 6 8 |  8.3
Maces & Flails | 6 8 |  8.1
Armour         | 2 5 6 |  6.0
Axes           | 2 6 7 |  7.5
Invocations    | 3 5 |  5.0
Shields        | 1 4 |  4.0
Dodging        | |  2.4
Stealth        | |  2.1

Action                   |  1- 3 |  4- 6 |  7- 9 | 10-12 || total
-------------------------+-------+-------+-------+-------++-------
Melee: Mace              |   120 |   176 |   333 |       ||   629
       Hand axe          |       |       |   126 |   155 ||   281
       Punch             |       |       |     5 |       ||     5
Throw: Boomerang         |       |       |       |     3 ||     3
       Throwing net      |       |       |       |     1 ||     1
Invok: Heroism           |       |       |     2 |     2 ||     4
  Use: Scroll            |       |     2 |     3 |    10 ||    15
       Potion            |       |       |     4 |       ||     4
 Stab: Sleeping          |     3 |     5 |     4 |       ||    12
       Distracted        |       |     1 |     1 |       ||     2
       Held in net/web   |       |       |       |     1 ||     1
  Eat: Chunk             |     2 |     7 |    16 |     5 ||    30
Armor: Robe              |    57 |    83 |   139 |       ||   279
       Skin              |       |       |    17 |       ||    17
       Chain mail        |       |       |     6 |    52 ||    58
Dodge: Dodged            |    89 |   128 |   310 |    29 ||   556
Block: Buckler           |       |       |     5 |    49 ||    54
